 Dungeon Crawl Stone Soup version 0.30-a0-250-g41c1d76940 (webtiles) character file.

Game seed: 15684173027933636266

1374 NinjaNoafa the Grappler (level 8, -3/69 (75) HPs)
             Began as a Troll Monk on Oct 12, 2022.
             Slain by bande's ghost (6 damage)
             ... on level 6 of the Dungeon.
             The game lasted 00:07:26 (4314 turns).

NinjaNoafa the Grappler (Troll Monk)                Turns: 4314, Time: 00:07:28

HP:   -3/69 (75)    AC:  9    Str: 22    XL:     8   Next: 39%
MP:   7/7           EV: 10    Int: 10    God:
Gold: 354           SH:  0    Dex: 12    Spells: 7/7 levels left

rFire   + . .      SeeInvis .      - Unarmed
rCold   . . .      Faith    .    (no shield)
rNeg    . . .      Spirit   .    l - +0 robe of Ignis's Delight {rPois Int+4}
rPois   +          Reflect  .    (helmet restricted)
rElec   .          Harm     .    y - +0 cloak
rCorr   .          Rampage  .    (gloves unavailable)
Will    .....                    (boots unavailable)
Stlth   ++........               a - amulet of the acrobat
HPRegen 1.11/turn                q - ring of protection from fire
MPRegen 0.10/turn                r - +4 ring of protection

@: drained
A: large, unfitting armour, claws 3, regeneration 1, shaggy fur 1, tough skin 1
a: no special abilities


You were on level 6 of the Dungeon.
You visited 2 branches of the dungeon, and saw 7 of its levels.
You also visited: Sewer.

You collected 354 gold pieces.

Inventory:

Missiles
 b - 2 boomerangs
 d - 67 stones (quivered)
 e - a throwing net
 i - 4 boomerangs of dispersal
 F - 6 atropa-tipped darts
Armour
 l - the +0 robe of Ignis's Delight (worn) {rPois Int+4}
   (You found it on level 2 of the Dungeon)

   Int:       It affects your intelligence (+4).
   rPois:     It protects you from poison.
 y - a +0 cloak (worn)
Jewellery
 a - an amulet of the acrobat (around neck)
 q - a ring of protection from fire (left claw)
 r - a +4 ring of protection (right claw)
 E - a ring of willpower
Wands
 u - a wand of charming (27)
 x - a wand of roots (11)
Scrolls
 f - 3 scrolls of vulnerability
 g - 3 scrolls of fear
 h - 5 scrolls of teleportation
 j - 2 scrolls of fog {unknown}
 k - 4 scrolls of identify {unknown}
 m - a scroll of enchant armour {unknown}
 o - 2 scrolls of blinking {unknown}
 p - a scroll of amnesia {unknown}
 s - 2 scrolls of magic mapping {unknown}
 t - a scroll of poison {unknown}
 v - 2 scrolls of enchant weapon {unknown}
Potions
 w - 3 potions of resistance
 z - a potion of magic {unknown}
 A - a potion of lignification {unknown}
 B - a potion of curing {unknown}
 C - a potion of invisibility {unknown}
 D - a potion of attraction {unknown}
 G - a potion of brilliance {unknown}


   Skills:
 - Level 3.0 Fighting
 - Level 3.0 Dodging
 - Level 1.0 Stealth
 + Level 10.4 Unarmed Combat


You had 7 spell levels left.
You didn't know any spells.
Your spell library contained the following spells:

 Spells                   Type           Power      Damage    Failure   Level
 Ozocubu's Armour         Ice            0%         N/A       75%         3
 Tukima's Dance           Hex            0%         N/A       75%         3
 Passage of Golubria      Tloc           0%         N/A       98%         4
 Yara's Violent Unravell  Hex/Tmut       0%         3d3       100%        5
 Ozocubu's Refrigeration  Ice            0%         4d7       100%        7


Dungeon Overview and Level Annotations

Branches:
Dungeon (6/15)             Temple (1/1) D:6           Sewer (visited)

Altars:
Ashenzari
Cheibriados
Elyvilon
Hepliaklqana
Nemelex Xobeh
Okawaru
Qazlal
Ru
Trog
Wu Jian
Xom
Yredelemnul
Zin
The Shining One

Shops:
D:1 (

Annotations:
D:6 bande's ghost, novice GrFi


Innate Abilities, Weirdness & Mutations

You are too large for most types of armour.
You have claws for hands.
Your natural rate of healing is unusually fast.
You are covered in fur. (AC +1)
You have tough skin. (AC +1)


Message History

Could not explore, unopened runed door.
You open the gate. The spectral wyvern bites you!
You barely miss bande's ghost. The spectral wyvern bites you.
You feel drained.
You claw bande's ghost!
Bande's ghost is lightly damaged.
The killer bee simulacrum hits you but does no damage.
Bande's ghost hits you! Bande's ghost freezes you!
The spectral wyvern bites you!
You feel drained.
The killer bee simulacrum hits you but does no damage.
You claw bande's ghost!
Bande's ghost is heavily damaged.
The killer bee simulacrum hits you. The killer bee simulacrum freezes you.
The spectral wyvern bites you.
You feel drained.
Bande's ghost lets out a mournful wail.
Bande's ghost hits you!
* * * LOW HITPOINT WARNING * * *
Bande's ghost freezes you.
* * * LOW HITPOINT WARNING * * *
You feel much better. The killer bee simulacrum hits you.
The killer bee simulacrum freezes you.
* * * LOW HITPOINT WARNING * * *
The spectral wyvern barely misses you. The killer bee simulacrum hits you.
* * * LOW HITPOINT WARNING * * *
The killer bee simulacrum freezes you.
* * * LOW HITPOINT WARNING * * *
Bande's ghost hits you but does no damage.
The spectral wyvern bites you.
* * * LOW HITPOINT WARNING * * *
You feel drained.
* * * LOW HITPOINT WARNING * * *
You can't see any enemies this would affect, really read the scroll of fear?
Okay, then.
As you read the scroll labelled WITUSU AM UNI, it crumbles to dust.
You hear a loud clanging noise!
It was a scroll of noise.
The killer bee simulacrum hits you but does no damage.
The spectral wyvern bites you.
* * * LOW HITPOINT WARNING * * *
Bande's ghost hits you.
You die...

#.###..#....# #.#
#....#... ######.#
#....#.## ##......#
#........
##..########..##.#.#
#..##.#.#.##.....#.#
#...#.....##...#....
#...Z...$####..#....
#..@WZ..(.# #....##.
##..Z...?## #.#.....
#..#.(...# #.#.#.#.
####.#.#.# #...#.#.
##### # #.......
##....## ####...
####


You could see a spectral wyvern, bande's ghost, a killer bee simulacrum and a
howler monkey simulacrum.

Vanquished Creatures
  Sigmund (D:4)
  Pargi (Sewer)
  An ice beast (D:6)
  A black bear (D:5)
  A centaur (D:5)
  A phantom (D:4)
  A bullfrog (D:6)
  A necrophage (D:6)
  2 scorpions (D:5)
  2 howler monkeys
  A hound (D:5)
  2 iguanas
  Natasha (thrice) (D:4)
  An orc wizard (D:5)
  Robin (D:4)
  4 gnolls
  A river rat (D:6)
  10 adders
  2 shadow imps
  3 dart slugs (D:1)
  10 orcs
  6 ball pythons
  5 endoplasms
  11 giant cockroaches
  14 goblins
  11 hobgoblins
  3 jackals
  8 kobolds
  6 quokkas
  8 bats
  4 frilled lizards
  9 rats
135 creatures vanquished.

Notes
Turn   | Place    | Note
-------+----------+-------------------------------------------
     0 | D:1      | NinjaNoafa the Troll Monk began the quest for the Orb.
     0 | D:1      | Reached XP level 1. HP: 22/22 MP: 0/0
   143 | D:1      | Reached XP level 2. HP: 28/29 MP: 1/1
   257 | D:1      | Reached XP level 3. HP: 36/36 MP: 2/2
   512 | D:1      | Found Codiz's Antique Weapon Emporium.
   897 | D:2      | Reached XP level 4. HP: 45/45 MP: 3/3
   905 | D:2      | Reached skill level 4 in Unarmed Combat
   937 | D:2      | Identified the +0 robe of Ignis's Delight {rPois Int+4}
  1063 | D:2      | Found a shimmering altar of Xom.
  1133 | D:2      | Identified the +6 spear of the Orb {drain, rC- MP+9 Int+4
                  | Stlth+}
  1637 | D:3      | Reached XP level 5. HP: 53/53 MP: 4/4
  1727 | D:3      | Reached skill level 5 in Unarmed Combat
  1944 | D:3      | Found a glowing golden altar of the Shining One.
  2092 | D:4      | Noticed Natasha
  2098 | D:4      | Killed Natasha
  2117 | D:4      | Noticed Natasha
  2123 | D:4      | Killed Natasha
  2166 | D:4      | Noticed Sigmund
  2177 | D:4      | Killed Sigmund
  2178 | D:4      | Reached skill level 6 in Unarmed Combat
  2178 | D:4      | Reached XP level 6. HP: 56/61 MP: 5/5
  2200 | D:4      | Noticed Natasha
  2207 | D:4      | Killed Natasha
  2282 | D:4      | Noticed Robin
  2309 | D:4      | Killed Robin
  2474 | D:4      | Reached skill level 7 in Unarmed Combat
  2564 | D:5      | Entered Level 5 of the Dungeon
  2588 | D:5      | Reached XP level 7. HP: 48/67 MP: 6/6
  2687 | D:5      | Reached skill level 8 in Unarmed Combat
  3366 | D:5      | Reached skill level 9 in Unarmed Combat
  3487 | D:6      | Reached XP level 8. HP: 68/75 MP: 7/7
  3577 | D:6      | Found a snail-covered altar of Cheibriados.
  3592 | D:6      | Found a staircase to the Ecumenical Temple.
  3593 | D:6      | Found a glowing drain.
  3598 | Sewer    | Entered a sewer
  3656 | Sewer    | Noticed Pargi
  3664 | Sewer    | Killed Pargi
  3737 | D:6      | Reached skill level 10 in Unarmed Combat
  3770 | Temple   | Entered the Ecumenical Temple
  4051 | D:6      | Found a runed translucent gate.
  4051 | D:6      | Found a runed translucent gate.
  4051 | D:6      | Found a runed translucent gate.
  4052 | D:6      | Noticed bande's ghost (novice GrFi)
  4313 | D:6      | HP: 3/69 [spectral wyvern (1)]
  4314 | D:6      | Slain by bande's ghost

Illustrated notes

Levels and vault maps discovered:
D:1:      amcnicky_arrival_double_pillar, layout_basic, serial_shops,
          nicolae_shop_behind_doors
D:2:      minmay_chambers_of_ones, layout_rooms, basic_altar,
          supply_closet_lemuel, minmay_worlds_worst_comb
D:3:      layout_rooms, mainiacjoe_overflow_surrounded_room, grunt_ministairs_8
D:4:      layout_cave_pools, uniq_sigmund, uniq_natasha, uniq_robin
D:5:      layout_basic, minmay_strange_pillars, minmay_misc_feat_enclosed,
          minmay_door_square, kennysheep_generic_room_12
D:6:      layout_basic, lemuel_round_altar, minmay_temple_entry_ruins,
          cheibrodos_sewer_entry_sluice, gammafunk_ghost_necromancy
Temple:   nicolae_temple_ecumenical_triangle

Skill      XL: |  1  2  3  4  5  6  7  8 |
---------------+-------------------------+-----
Dodging        | 3 |  3.0
Fighting       | 3 |  3.0
Unarmed Combat | 4 6 7 9 10 | 10.4
Stealth        | |  1.0

Action                   |  1- 3 |  4- 6 |  7- 9 || total
-------------------------+-------+-------+-------++-------
Melee: Unarmed           |    93 |   170 |    95 ||   358
       Punch             |       |     8 |     4 ||    12
  Use: Potion            |       |     6 |     1 ||     7
       Scroll            |       |       |     4 ||     4
 Stab: Sleeping          |     1 |     3 |     2 ||     6
Armor: Robe              |    45 |   117 |    51 ||   213
Dodge: Dodged            |    58 |   198 |    91 ||   347

Table legend: (Time is in decaauts)
 A = Elapsed time spent in this place.
 B = Non-inter-level travel time spent in this place.
 C = Inter-level travel time spent in this place.
 D = Time resting spent in this place.
 E = Time spent auto-exploring this place.
 F = Levels seen in this place.
 G = Mean time per level.
                   A        B        C        D        E       F      G
               +--------+--------+--------+--------+--------+-----+--------+
         Total |   4295 |   4224 |     71 |      0 |   3160 |   8 |  536.9 |
       Dungeon |   4130 |   4062 |     68 |      0 |   3042 |   6 |  688.3 |
        Temple |     38 |     35 |      3 |      0 |     30 |   1 |   38.0 |
         Sewer |    126 |    126 |      0 |      0 |     87 |   1 |  126.0 |
               +--------+--------+--------+--------+--------+-----+--------+

Top non-repeatable levels by time:
     D:5: 888 daAuts
     D:1: 833 daAuts
     D:6: 692 daAuts
     D:2: 640 daAuts
     D:3: 555 daAuts
     D:4: 520 daAuts
   Sewer: 126 daAuts
  Temple: 38 daAuts
